 Dungeon Crawl Stone Soup version 0.27-a0-1217-g8a41f320e8 (webtiles) character file.

Game seed: 3563310166591913818

340 Froggeryz the Spear-Bearer (level 6, 0/47 HPs)
             Began as a Merfolk Abyssal Knight on June 6, 2021.
             Was an Elder of Lugonu.
             Slain by a bullfrog (5 damage)
             ... in a sewer.
             The game lasted 00:04:22 (2701 turns).

Froggeryz the Spear-Bearer (Merfolk Abyssal Knight) Turns: 2701, Time: 00:04:22

Health: 0/47       AC:  3    Str: 13    XL:     6   Next: 56%
Magic:  7/7        EV: 16    Int: 12    God:    Lugonu [****..]
Gold:   44         SH:  0    Dex: 14    Spells: 5/5 levels left

rFire    . . .     SeeInvis .   a - +1 spear
rCold    . . .     Faith    .   (no shield)
rNeg     . . .     Spirit   .   b - +0 leather armour
rPois    .         Reflect  .   (no helmet)
rElec    .         Harm     .   (no cloak)
rCorr    .         Rampage  .   (no gloves)
Will     .....                  (no boots)
Stlth    ++........             d - amulet of regeneration
HPRegen  1.15/turn              (no ring)
MPRegen  0.10/turn              (no ring)

@: lethally poisoned (0 -> -1), flying, very quick
A: nimble swimmer 2, mertail
a: Renounce Religion, Depart the Abyss, Bend Space, Banish, Corrupt


You were in a sewer.
You worshipped Lugonu.
Lugonu was greatly pleased with you.
You visited 1 branch of the dungeon, and saw 3 of its levels.
You visited the Abyss 1 time.
You also visited: Sewer.

You collected 44 gold pieces.

Inventory:

Hand Weapons
 a - a +1 spear (weapon)
Missiles
 i - 7 boomerangs (quivered)
 k - 4 poisoned darts
Armour
 b - a +0 leather armour (worn)
Jewellery
 d - an amulet of regeneration (around neck)
 j - an amulet of guardian spirit
Scrolls
 c - a scroll of noise {unknown}
 e - a scroll of fear
 f - a scroll of teleportation {unknown}
 g - 2 scrolls of identify
 l - a scroll of magic mapping {unknown}
 m - a scroll of blinking {unknown}
Potions
 n - a potion of brilliance {unknown}
 o - 2 potions of magic


   Skills:
 - Level 3.2 Fighting
 * Level 9.2 Polearms
 - Level 0.6 Armour
 + Level 4.0 Dodging
 - Level 2.0 Invocations


You had 5 spell levels left.
You didn't know any spells.
Your spell library was empty.

Dungeon Overview and Level Annotations

Branches:
Dungeon (3/15)              Sewer (1/1)

Altars:
Gozag

Annotations:
D:3 Sigmund


Innate Abilities, Weirdness & Mutations

You are quick and stealthy near water. (Stealth+, EV+, Speed+++)
Your lower body shifts to a powerful aquatic tail in water.


Message History

An adder comes into view.
The frilled lizard bites you. The bullfrog hits you!
You are too injured to fight recklessly!
You are too injured to fight recklessly!
You are too injured to fight recklessly!
You are too injured to fight recklessly!
You are too injured to fight recklessly!
You are too injured to fight recklessly!
You are too injured to fight recklessly!
You are too injured to fight recklessly!
You are too injured to fight recklessly!
You are too injured to fight recklessly!
You are too injured to fight recklessly!
The adder hisses angrily.
The bullfrog hits you.
Okay, then.
As you read the scroll labelled PIMPODDARA, it crumbles to dust.
It is a scroll of identify.
e - a scroll of fear You feel sick.
The adder bites you but does no damage.
The bullfrog hits you but does no damage.
The bullfrog misses you. The adder completely misses you.
The frilled lizard barely misses you. The bullfrog hits you.
* * * LOW HITPOINT WARNING * * *
Unknown command.
It was a potion of magic.
Magic courses through your body.
You feel sick. The bullfrog hits you.
* * * LOW HITPOINT WARNING * * *
The bullfrog hits you.
* * * LOW HITPOINT WARNING * * *
The adder bites you.
* * * LOW HITPOINT WARNING * * *
The bullfrog barely misses you.
The frilled lizard bites you but does no damage.
It was a potion of flight.
You feel very buoyant.
Your tail turns into legs as you fly out of the water.
You feel sick. The bullfrog closely misses you. The adder closely misses you.
The bullfrog hits you.
You die...

#≈≈≈≈≈≈# #≈≈≈≈≈≈#
#≈≈≈≈≈≈# #≈≈≈≈†≈#
#≈≈#≈≈≈# #≈≈≈≈≈≈#
#≈.≈l≈≈# #≈≈≈≈≈≈#
#≈.≈≈≈≈# ##≈.≈.##
#≈≈≈≈≈≈# #≈.((.≈#
#≈≈≈S≈≈# #≈≈≈..≈#
#≈≈FSl≈# #≈≈≈≈≈≈#
#≈≈F@≈≈# #≈≈≈≈≈≈#
#≈≈≈≈≈≈# #≈≈≈≈≈≈#
#≈≈≈≈≈≈# #≈≈≈†≈≈#
#≈≈≈≈≈≈##### #≈≈†≈≈≈#
##.≈≈.###..# #.≈†.≈.#
#......##..###††....#
##......##'##......##
#.........#.......#
##...............##


You could see 2 bullfrogs, 2 adders and 2 frilled lizards.

Vanquished Creatures
  Terence (D:2)
  12 adders
  4 gnolls (D:3)
  5 river rats (Sewer)
  3 dart slugs
  An orc (D:3)
  13 ball pythons
  4 bats
  6 endoplasms
  2 giant cockroaches
  6 goblins
  8 hobgoblins
  11 jackals
  2 kobolds
  3 quokkas
  2 frilled lizards
  46 rats
129 creatures vanquished.

Notes
Turn   | Place    | Note
-------+----------+-------------------------------------------
     0 | Abyss:1  | Froggeryz the Merfolk Abyssal Knight began the quest for
                  | the Orb.
     0 | Abyss:1  | Reached XP level 1. HP: 18/18 MP: 2/2
   102 | Abyss:1  | Found a corrupted altar of Lugonu.
   138 | Abyss:1  | Noticed a quasit
   158 | Abyss:1  | Noticed a ynoxinul
   161 | D:1      | Escaped the Abyss
   253 | D:1      | Reached * piety under Lugonu
   278 | D:1      | Reached skill level 4 in Polearms
   278 | D:1      | Reached XP level 2. HP: 24/24 MP: 3/3
   510 | D:1      | Reached skill level 5 in Polearms
   510 | D:1      | Reached XP level 3. HP: 20/29 MP: 4/4
  1378 | D:2      | Reached ** piety under Lugonu
  1379 | D:2      | Reached skill level 6 in Polearms
  1379 | D:2      | Reached XP level 4. HP: 31/35 MP: 5/5
  1388 | D:2      | Noticed Terence
  1409 | D:2      | Killed Terence
  1454 | D:2      | Reached skill level 7 in Polearms
  1494 | D:2      | Reached XP level 5. HP: 41/41 MP: 6/6
  2040 | D:3      | Reached *** piety under Lugonu
  2049 | D:3      | Reached skill level 8 in Polearms
  2065 | D:3      | Found an opulent altar of Gozag.
  2248 | D:3      | Found a faded altar of an unknown god.
  2248 | D:3      | Noticed Sigmund
  2335 | D:3      | Found a glowing drain.
  2346 | D:3      | Reached XP level 6. HP: 47/47 MP: 7/7
  2352 | Sewer    | Entered a sewer
  2548 | Sewer    | Reached skill level 9 in Polearms
  2611 | Sewer    | Reached **** piety under Lugonu
  2701 | Sewer    | Slain by a bullfrog

Illustrated notes

Levels and vault maps discovered:
D:1:      dpeg_arrival_short_road, layout_rooms
D:2:      layout_loops_cross, minmay_rat_hole, uniq_terence
D:3:      layout_loops_corners, nicolae_ashenzari_panopticon,
          nicolae_overflow_crystal_walls, lemuel_tele_altar,
          chequers_ecumenical_altar_simple_redux, portal_sewer_entry_d,
          uniq_natasha, uniq_sigmund
Sewer:    sewer_minmay_w

Skill      XL: |  1  2  3  4  5  6 |
---------------+-------------------+-----
Polearms       | 4 5 6 7 8 9 |  9.2
Dodging        | 3 4 |  4.0
Fighting       | |  3.2
Armour         | |  0.6
Invocations    | |  2.0

Action                   |  1- 3 |  4- 6 || total
-------------------------+-------+-------++-------
Melee: Spear             |   159 |   337 ||   496
       Tailslap          |       |    13 ||    13
Throw: Boomerang         |     3 |     7 ||    10
Invok: Depart the Abyss  |     1 |       ||     1
  Use: Potion            |       |     4 ||     4
       Scroll            |       |     1 ||     1
Armor: Leather armour    |    34 |    37 ||    71
Dodge: Dodged            |    97 |   181 ||   278

Table legend: (Time is in decaauts)
 A = Elapsed time spent in this place.
 B = Non-inter-level travel time spent in this place.
 C = Inter-level travel time spent in this place.
 D = Time resting spent in this place.
 E = Time spent auto-exploring this place.
 F = Levels seen in this place.
 G = Mean time per level.
                   A        B        C        D        E       F      G
               +--------+--------+--------+--------+--------+-----+--------+
         Total |   2523 |   2447 |     76 |    192 |   1519 |   5 |  504.6 |
       Dungeon |   2097 |   2021 |     76 |    192 |   1272 |   3 |  699.0 |
         Abyss |    161 |    161 |      0 |      0 |    138 |   1 |  161.0 |
         Sewer |    265 |    265 |      0 |      0 |    109 |   1 |  265.0 |
               +--------+--------+--------+--------+--------+-----+--------+

Top non-repeatable levels by time:
     D:1: 873 daAuts
     D:2: 863 daAuts
     D:3: 360 daAuts
   Sewer: 265 daAuts
 Abyss:1: 161 daAuts
